Map: Galactic Process LE

Players

Neeb - Winner!

  • Race: Protoss Protoss

uThermal

  • Race: Terran Terran
  • League: Diamond

Event: WCS Copa Intercontinental

VOD

https://youtu.be/19G-GozbxaU

Description

Time

  • Played on: Sept. 11, 2016, 4:51 p.m.
  • Length: 17:42

All games in this series

Show
View Real Time Build Order
Export as new Build Order

Neeb Protoss - Winner!

Build Orders: 1 Gate Expand, Oracle Opening 

Get SALT Encoding   

  12  0:00  Probe (Chrono Boost)  
  13  0:11  Probe (Chrono Boost)  
  14  0:17  Pylon  
  14  0:22  Probe (Chrono Boost)  
  15  0:35  Probe (Chrono Boost)  
  16  0:36  Gateway  
  16  0:45  Probe (Chrono Boost)  
  16  0:47  Assimilator  
  17  0:56  Probe (Chrono Boost)  
  18  1:06  Probe (Chrono Boost)  
  19  1:19  Nexus  
  19  1:22  Probe (Chrono Boost)  
  20  1:32  Cybernetics Core  
  20  1:35  Probe (Chrono Boost)  
  21  1:42  Assimilator  
  21  1:46  Probe (Chrono Boost)  
  22  1:50  Pylon  
  22  1:56  Probe (Chrono Boost)  
  23  2:05  Adept  
  26  2:09  Warp Gate  
  26  2:10  Probe (Chrono Boost)  
  26  2:22  Probe (Chrono Boost)  
  27  2:31  Probe (Chrono Boost)  
  27  2:32  Stargate, Adept  
  27  2:34  Probe (Chrono Boost)  
  31  2:42  Probe (Chrono Boost)  
  32  2:46  Probe (Chrono Boost)  
  33  2:52  Probe (Chrono Boost)  
  33  2:56  Adept  
  33  2:58  Probe (Chrono Boost)  
  35  3:03  Probe (Chrono Boost)  
  38  3:10  Pylon, Probe (Chrono Boost)  
  38  3:11  Oracle  
  39  3:14  Probe (Chrono Boost)  
  43  3:22  Probe (Chrono Boost)  
  43  3:26  Probe (Chrono Boost)  
  44  3:34  Probe (Chrono Boost), Gateway  
  44  3:36  Probe (Chrono Boost), Gateway  
  45  3:46  Pylon  
  45  3:47  Probe (Chrono Boost)  
  45  3:48  Mothership Core (Chrono Boost)  
  48  3:50  Oracle  
  48  3:55  Pylon  
  48  3:57  Probe (Chrono Boost)  
  52  4:03  Pylon  
  52  4:07  Assimilator  
  52  4:08  Probe x2 (Chrono Boost)  
  54  4:20  Probe x2 (Chrono Boost)  
  53  4:24  Nexus  
  53  4:25  Phoenix  
  53  4:27  Pylon  
  56  4:31  Stalker  
  56  4:32  Probe (Chrono Boost)  
  56  4:33  Probe (Chrono Boost)  
  56  4:36  Stalker  
  61  4:42  Assimilator  
  61  4:43  Probe (Chrono Boost)  
  61  4:44  Probe (Chrono Boost)  
  63  4:49  Twilight Council  
  63  4:59  Probe (Chrono Boost)  
  64  5:02  Probe (Chrono Boost)  
  63  5:07  Forge  
  63  5:11  Probe (Chrono Boost)  
  63  5:12  Probe (Chrono Boost)  
  63  5:13  Sentry  
  63  5:14  Blink  
  67  5:19  Stalker x2  
  71  5:23  Probe x2 (Chrono Boost)  
  71  5:27  Protoss Ground Weapons Level 1  
  73  5:31  Pylon  
  73  5:33  Probe (Chrono Boost)  
  73  5:35  Probe (Chrono Boost)  
  75  5:39  Probe (Chrono Boost)  
  76  5:45  Probe (Chrono Boost)  
  76  5:47  Probe (Chrono Boost)  
  79  5:50  Probe (Chrono Boost)  
  79  5:51  Robotics Facility  
  79  5:54  Gateway  
  79  5:58  Gateway  
  79  6:00  Pylon  
  79  6:01  Gateway  
  79  6:02  Sentry x2  
  83  6:05  Pylon  
  83  6:09  Probe (Chrono Boost)  
  83  6:11  Stalker  
  88  6:18  Probe x2 (Chrono Boost)  
  88  6:19  Probe (Chrono Boost)  
  89  6:28  Stalker x2, Gateway  
  89  6:29  Gateway  
  93  6:38  Assimilator  
  93  6:39  Pylon  
  93  6:41  Warp Prism  
  93  6:42  Assimilator, Probe x3 (Chrono Boost)  
  93  6:45  Forge  
  98  6:57  Pylon  
  98  6:58  Stalker x3  
  98  6:59  Pylon  
  104  7:01  Resonating Glaives  
  104  7:06  Pylon  
  104  7:08  Protoss Ground Armor Level 1  
  104  7:12  Protoss Ground Weapons Level 2, Photon Cannon  
  104  7:13  Stalker  
  104  7:14  Stalker x2  
  110  7:15  Observer  
  110  7:18  Pylon  
  111  7:26  Adept x2  
  111  7:27  Adept  
  117  7:36  Pylon  
  117  7:41  Robotics Bay  
  117  7:49  Adept  
  117  7:50  Adept x3  
  117  7:51  Adept x2  
  129  8:01  Immortal  
  129  8:02  Adept x2  
  129  8:25  Probe x3 (Chrono Boost)  
  130  8:29  Nexus  
  130  8:31  Pylon  
  130  8:34  Colossus  
  130  8:36  Extended Thermal Lance  
  134  8:42  Adept x6  
  134  8:43  Adept x2  
  146  8:50  Probe (Chrono Boost)  
  147  9:01  Pylon  
  147  9:18  Stalker x2  
  147  9:19  Stalker x2  
  147  9:21  Colossus, Stalker x4  
  141  9:41  Protoss Ground Weapons Level 3  
  141  9:42  Stalker x2  
  141  9:43  Stalker x2  
  141  9:45  Protoss Ground Armor Level 2  
  141  9:48  Probe (Chrono Boost)  
  141  9:49  Probe (Chrono Boost)  
  143  9:55  Adept  
  143  9:56  Adept x3  
  151  10:07  Colossus  
  151  10:08  Assimilator  
  151  10:11  Assimilator  
  151  10:16  Adept x6  
  171  10:24  Mothership Core (Chrono Boost)  
  151  10:35  Stalker x2  
  151  10:41  Stalker  
  151  10:42  Stalker x4  
  165  10:56  Warp Prism  
  165  10:57  Gateway  
  163  10:59  Gateway  
  163  11:01  Adept x3  
  163  11:02  Dark Shrine  
  171  11:14  Templar Archives  
  171  11:15  Robotics Facility  
  171  11:26  Photon Cannon  
  171  11:28  Photon Cannon  
  171  11:29  Pylon  
  171  11:31  Charge  
  168  11:35  Stalker x4  
  171  11:41  Psionic Storm  
  171  11:52  Photon Cannon  
  171  11:58  High Templar x3  
  177  12:16  Nexus  
  177  12:24  Adept  
  177  12:25  Adept x4  
  179  12:30  Adept  
  159  12:37  Protoss Shields Level 1  
  139  12:48  Pylon  
  139  12:51  Protoss Ground Armor Level 3  
  139  12:53  Pylon  
  139  12:55  Stalker x6  
  139  12:56  Stalker x2  
  147  13:10  Pylon x2  
  147  13:12  Pylon  
  147  13:14  High Templar  
  147  13:15  High Templar  
  151  13:30  High Templar x4, Adept  
  151  13:31  Adept x3  
  167  13:34  Archon x2  
  165  13:51  Stargate  
  165  13:54  Fleet Beacon  
  165  13:56  Stalker x5  
  165  13:58  Assimilator  
  165  13:59  Assimilator  
  173  14:05  Stalker x3  
  153  14:17  Nexus  
  151  14:24  High Templar  
  151  14:25  High Templar  
  153  14:34  High Templar x2  
  153  14:35  Adept x3  
  163  14:38  Archon  
  159  14:49  Warp Prism  
  119  14:54  Warp Prism, Adept x2  
  119  14:55  Adept x2  
  119  14:56  Adept  
  100  15:02  High Templar x2  
  102  15:10  Stalker  
  102  15:11  Stalker  
  101  15:22  Probe x2 (Chrono Boost)  
  102  15:29  Stalker x3  
  102  15:32  Stalker x2  
  110  15:42  Adept x4  
  106  15:50  Stalker x4  
  114  15:59  Adept x3  
  114  16:00  Adept x2  
  116  16:06  Adept  
  108  16:15  Adept x4  
  108  16:33  Stalker  
  108  16:34  Stalker x5  
  108  16:39  High Templar  
  116  16:40  High Templar, Adept x2  
  116  16:43  Archon  
  116  17:07  Stalker x5  
  116  17:08  Stalker x3  
Show
View Real Time Build Order
Export as new Build Order

uThermal Terran 

Build Orders: MMM Bio 

Get SALT Encoding   

  12  0:01  SCV  
  13  0:13  SCV  
  14  0:18  Supply Depot  
  14  0:25  SCV  
  15  0:40  SCV  
  15  0:42  Barracks  
  16  0:46  Refinery  
  16  0:52  SCV  
  17  1:04  SCV  
  18  1:16  SCV  
  19  1:29  Orbital Command  
  19  1:30  Barracks Reactor  
  19  1:41  Command Center  
  19  1:50  Supply Depot  
  19  1:55  SCV  
  20  2:07  SCV, Marine x2  
  23  2:16  Factory  
  23  2:19  SCV  
  24  2:24  Marine x2  
  26  2:31  SCV  
  26  2:33  Refinery  
  27  2:42  Marine x2  
  27  2:43  SCV  
  30  2:56  SCV  
  31  2:58  Orbital Command  
  31  3:00  Starport  
  31  3:03  Widow Mine  
  33  3:07  Marine  
  33  3:08  Marine  
  33  3:11  SCV  
  36  3:24  SCV  
  36  3:25  Marine  
  36  3:29  SCV  
  36  3:34  Supply Depot  
  36  3:35  Widow Mine  
  36  3:36  SCV  
  36  3:38  Medivac  
  41  3:42  Marine  
  41  3:43  Marine  
  41  3:46  SCV  
  44  3:53  SCV  
  44  3:54  Supply Depot  
  45  3:58  SCV  
  45  4:00  Marine  
  45  4:01  Marine  
  45  4:02  Liberator  
  48  4:05  SCV  
  49  4:10  SCV  
  47  4:18  SCV  
  47  4:21  Factory Tech Lab  
  47  4:22  SCV  
  47  4:23  Barracks  
  52  4:24  Marine x2  
  52  4:30  SCV  
  55  4:34  SCV  
  56  4:42  SCV  
  56  4:45  Command Center  
  57  4:48  SCV, Supply Depot  
  57  4:50  Liberator  
  58  4:54  SCV  
  58  4:59  Marine  
  59  5:00  Marine  
  59  5:01  SCV  
  59  5:05  Barracks  
  59  5:06  SCV  
  61  5:08  Factory Reactor  
  62  5:14  Supply Depot  
  62  5:15  SCV  
  62  5:18  SCV, Marine x2  
  66  5:22  Marine  
  66  5:23  Stimpack  
  66  5:27  SCV  
  68  5:30  SCV  
  68  5:33  Refinery x2  
  68  5:35  Supply Depot  
  69  5:36  Marine x2  
  71  5:48  Marine  
  71  5:55  Barracks, Barracks Tech Lab  
  71  5:56  Barracks, Marine, SCV  
  73  5:57  Orbital Command  
  73  5:58  Marine  
  73  6:03  Medivac x2  
  78  6:05  Factory Reactor  
  78  6:09  SCV  
  79  6:12  Marine  
  79  6:15  Marine, Combat Shields  
  79  6:17  SCV, Supply Depot  
  82  6:18  Marine  
  82  6:25  Marine  
  83  6:30  SCV x2, Marauder  
  88  6:33  Orbital Command  
  88  6:39  Marine, Engineering Bay  
  89  6:40  Marine  
  89  6:42  SCV, Engineering Bay  
  89  6:44  Barracks Reactor x2  
  89  6:46  Marine  
  92  6:47  SCV  
  92  6:54  SCV, Marine  
  94  7:00  SCV  
  96  7:02  SCV  
  96  7:05  Supply Depot  
  96  7:06  SCV, Supply Depot  
  96  7:07  Terran Infantry Weapons Level 1  
  98  7:10  Liberator  
  98  7:11  Terran Infantry Armor Level 1  
  98  7:12  SCV  
  98  7:14  Liberator  
  99  7:18  SCV x2, Marine  
  99  7:19  Marauder  
  99  7:22  Marine x3  
  107  7:26  Supply Depot  
  110  7:34  SCV  
  110  7:35  SCV, Marine x2  
  117  7:46  Missile Turret x2  
  117  7:47  Missile Turret  
  117  7:48  Missile Turret  
  117  7:49  Widow Mine x2  
  117  7:50  Marine  
  117  7:51  Supply Depot  
  122  7:53  Supply Depot  
  122  7:54  Marine x2, Marauder  
  122  7:55  Marine x2  
  127  7:59  Liberator x2, Marine, Marauder  
  129  8:10  SCV  
  129  8:12  Marine  
  127  8:16  Marauder  
  127  8:17  Widow Mine x2  
  127  8:19  SCV  
  137  8:20  Barracks, Marine x2  
  137  8:21  Barracks  
  137  8:24  Marine  
  137  8:25  Armory  
  139  8:31  SCV  
  140  8:34  Supply Depot x2  
  140  8:36  Marine, Marauder, Refinery  
  140  8:39  SCV  
  142  8:46  Widow Mine x2, Marine  
  142  8:47  Marine x2, Refinery  
  147  8:49  Marine  
  147  8:50  Marine  
  149  8:55  Marine  
  149  8:57  SCV  
  149  8:59  Supply Depot  
  149  9:01  SCV  
  152  9:07  SCV  
  152  9:09  Starport  
  153  9:10  SCV, Fusion Core  
  153  9:11  Marine  
  153  9:15  SCV  
  153  9:19  SCV  
  154  9:27  SCV  
  154  9:28  SCV  
  154  9:29  Marine, Marauder  
  154  9:30  Marine, Marauder  
  161  9:34  Marine  
  145  9:39  Marine x2  
  145  9:43  Barracks Tech Lab  
  139  9:49  Starport Tech Lab  
  139  9:50  Marine  
  139  9:51  Marauder  
  139  9:52  Marauder  
  140  9:53  Liberator, Marine  
  140  9:56  Medivac x2  
  140  9:57  Marine  
  140  9:58  Marine  
  130  10:00  Marine  
  130  10:01  Marine x2  
  131  10:07  Advanced Ballistics  
  131  10:09  Liberator x2  
  131  10:12  Marauder  
  131  10:13  Marauder  
  137  10:26  SCV  
  127  10:29  Marine  
  127  10:30  Marine, Marauder  
  127  10:31  Marine  
  127  10:34  Marauder x2  
  118  10:36  Liberator  
  118  10:39  Marine  
  119  10:44  Terran Infantry Armor Level 2, Terran Infantry Weapons Level 2  
  119  10:45  Marine  
  119  10:46  Marine  
  119  10:47  Marine  
  119  10:48  Marine  
  120  10:50  Marine  
  120  10:51  Marauder  
  120  10:52  Liberator  
  120  10:53  Marine  
  120  10:55  Marauder  
  120  10:56  Marauder  
  131  11:05  Marine x2  
  131  11:07  Marine x2  
  131  11:08  Marine  
  131  11:10  Marine  
  131  11:11  Liberator  
  140  11:12  Marine  
  140  11:13  Marauder  
  140  11:16  Marauder  
  140  11:17  Marauder  
  144  11:19  Liberator  
  144  11:22  Supply Depot x2  
  144  11:23  Marine x2  
  144  11:24  Marine  
  144  11:25  Marine  
  148  11:26  Marine  
  152  11:35  Liberator  
  140  11:48  Marine x2, Marauder  
  140  11:49  Marine  
  140  11:53  Liberator, Marine  
  140  11:54  Marine, Marauder  
  145  11:59  Marine x2, Marauder  
  149  12:06  Marine  
  150  12:11  Liberator, Marine  
  150  12:12  Marauder  
  156  12:18  Liberator  
  153  12:32  Marine, Marauder  
  153  12:36  Liberator  
  152  12:43  Marine x2  
  152  12:44  Marine x2, Marauder x2  
  141  12:46  Marine x2  
  144  12:53  Marine, Marauder  
  144  12:54  Liberator  
  150  13:00  Liberator  
  150  13:01  Marine x3  
  150  13:02  Marine  
  150  13:05  Marauder x2  
  155  13:09  Marine  
  159  13:17  Marine, Orbital Command  
  159  13:18  Marauder  
  159  13:19  Liberator  
  156  13:36  Liberator  
  156  13:39  Marine  
  156  13:40  Marauder  
  161  13:43  Liberator  
  164  13:57  Marine, Marauder  
  164  14:02  Liberator  
  164  14:03  Marine x2  
  164  14:04  Marauder x2  
  164  14:08  Marine  
  166  14:16  Marine  
  144  14:18  Marine x2  
  144  14:19  Marauder  
  144  14:22  Marine x2  
  144  14:25  Marauder x2  
  144  14:26  Liberator  
  144  14:29  Marine x2  
  145  14:34  Marine  
  145  14:36  Marine x2  
  148  14:40  Marauder  
  153  14:46  Marauder  
  153  14:50  Marine x3, Marauder  
  153  14:52  Marine  
  133  14:53  Marine  
  133  14:56  Marine  
  133  14:57  Marine  
  127  15:01  Marauder  
  125  15:07  Marine  
  125  15:08  Marine  
  125  15:10  Marine  
  125  15:12  Marine, Marauder  
  125  15:13  Liberator  
  125  15:14  Marine  
  128  15:16  Marine  
  128  15:17  Marine  
  128  15:19  Marine  
  123  15:23  Marauder  
  123  15:25  Marine  
  129  15:42  Marine, Marauder  
  129  15:46  Liberator  
  129  15:47  Marine x2  
  129  15:48  Marauder x2  
  129  15:52  Liberator, Marine  
  129  15:55  Marine  
  131  15:58  Marine  
  131  16:01  Liberator  
  134  16:04  Marauder  
  124  16:12  Marine  
  119  16:23  Marine x2  
  117  16:26  Marine  
  117  16:27  Marine  
  117  16:29  Marine  
  117  16:31  Marine  
  116  16:35  Liberator  
  116  16:41  Marine  
  116  16:42  Marauder  
  119  16:52  Marine  
  102  16:55  Marine  
  95  17:03  Marine, Marauder  
  95  17:06  Marine  
  94  17:08  Marine  
  94  17:10  Marine  
  94  17:11  Marine  
  94  17:13  Marine  
  96  17:17  Marine  
  96  17:18  Marine  
  96  17:20  Marine  
  96  17:22  Marine  
Tags
 
Add a new tag
Caveats
  • Supply blocks, unpowered buildings, or Contaminate may cause inaccurate times.
  • Supply counts are checked every 10 seconds.